 Dungeon Crawl Stone Soup version 0.26-a0-259-g1effd001a9 (webtiles) character file.

Game seed: 1842926610858493710

478 night the Chiller (level 7, -1/48 HPs)
             Began as a Merfolk Ice Elementalist on July 16, 2020.
             Was a Believer of Sif Muna.
             Slain by Pikel
             ... wielding a +2 whip of electrocution
              (20 damage)
             ... on level 5 of the Dungeon.
             The game lasted 00:15:38 (5639 turns).

night the Chiller (Merfolk Ice Elementalist)        Turns: 5639, Time: 00:15:39

Health: -1/48      AC: 11    Str:  8    XL:     7   Next: 11%
Magic:  5/13       EV: 12    Int: 16    God:    Sif Muna [**....]
Gold:   171        SH:  0    Dex: 15    Spells: 10/14 levels left

rFire    . . .     SeeInvis .   n - +2 short sword (venom)
rCold    . . .     Faith    .   (no shield)
rNeg     . . .     Spirit   .   k - +0 leather armour (curse)
rPois    .         Reflect  .   h - +0 helmet
rElec    .         Harm     .   b - +1 cloak
rCorr    .                      r - +0 pair of gloves (curse)
MR       .....                  (no boots)
Stlth    ++........             (no amulet)
HPRegen  0.16/turn              B - +4 ring of protection
MPRegen  0.13/turn              (no ring)

@: very slightly contaminated
A: change form in water, swift swim, stealthy swim
a: Channel Magic, Renounce Religion


You were on level 5 of the Dungeon.
You worshipped Sif Muna.
Sif Muna was pleased with you.
You were not hungry.

You visited 2 branches of the dungeon, and saw 6 of its levels.

You collected 171 gold pieces.

Inventory:

Hand Weapons
 e - a +0 dagger
 l - a +1 dagger of draining
 n - a +2 short sword of venom (weapon)
 o - a +3 falchion
 p - a +0 hunting sling
 x - a +3 mace of holy wrath
Missiles
 A - 3 poisoned darts (quivered)
 C - 7 boomerangs
Armour
 a - a +0 robe
 b - a +1 cloak (worn)
 h - a +0 helmet (worn)
 k - a cursed +0 leather armour (worn)
 m - a scarf of invisibility
 r - a cursed +0 pair of gloves (worn)
Jewellery
 B - a +4 ring of protection (left hand)
Wands
 g - a wand of enslavement (8)
Scrolls
 f - a scroll of enchant weapon
 j - a scroll of remove curse
 q - a scroll of teleportation
 w - a scroll of blinking
 D - a scroll of fear
Potions
 d - a potion of brilliance
 i - a potion of flight
 s - a potion of curing
 t - a potion of degeneration {unknown}
 u - 2 potions of mutation {unknown}
 v - a potion of lignification {unknown}
Comestibles
 c - 14 rations


   Skills:
 + Level 1.1 Fighting
 + Level 2.1 Short Blades
 + Level 1.2 Armour
 - Level 2.7 Dodging
 - Level 2.1 Stealth
 * Level 4.3 Spellcasting
 * Level 6.9 Ice Magic


You had 10 spell levels left.
You knew the following spells:

 Your Spells              Type           Power        Failure   Level
a - Freeze                Ice            ####         1%          1
b - Frozen Ramparts       Ice            ####..       4%          3

Your spell library contained the following spells:

 Spells                   Type           Power        Failure   Level
 Ozocubu's Armour         Chrm/Ice       ##......     17%         3
 Summon Small Mammal      Summ           #...         24%         1
 Call Imp                 Summ           #.......     34%         2
 Hailstorm                Conj/Ice       ##......     50%         4
 Summon Ice Beast         Ice/Summ       ##......     50%         4
 Call Canine Familiar     Summ           #.......     56%         3
 Summon Guardian Golem    Hex/Summ       #.......     56%         3
 Summon Lightning Spire   Summ/Air       #.......     93%         4


Dungeon Overview and Level Annotations

Branches:
Dungeon (5/15)             Temple (1/1) D:4

Altars:
Cheibriados
Dithmenos
Elyvilon
Fedhas
Hepliaklqana
Kikubaaqudgha
Makhleb
Qazlal
Ru
Sif Muna
Trog
Vehumet
Wu Jian
Xom
Yredelemnul
Zin
The Shining One

Annotations:
D:5 Pikel


Message History

Pikel is moderately wounded.
Pikel hits you with a +2 whip of electrocution.
You are too injured to fight recklessly!
You are too injured to fight recklessly!
You are too injured to fight recklessly!
Casting: Freeze (safe; 1% risk of failure)
Confirm with . or Enter, or press ? or * to list all spells.
You miscast Frozen Ramparts.
You are very lightly contaminated with residual magic.
Nothing appears to happen.
Pikel cracks his whip.
Pikel hits you with a +2 whip of electrocution.
You are electrocuted!
* * * LOW HITPOINT WARNING * * *
Things that are here:
a +0 dagger; a +0 robe
Things that are here:
a +0 leather armour; a +0 scale mail; an orc corpse You feel better.
Pikel hits you but does no damage.
You are electrocuted!!
You die...

#.###.## #..#
*,,,,,**,,,,,*
#......###..#
*,,***,##*,#,*
###..)......# #,**
**.##.#,* ##...###.##
#.* *...,*,****
#...##...###.#*
##.#***,,,,,
#.............###.#*
******
######...##...#####.$.##
........####.#######.##
######### #....@K[).#
###########


You could see Pikel.

Vanquished Creatures
  A big kobold (D:4)
  A hound (D:5)
  2 orc priests
  2 orc wizards
  2 worker ants
  4 gnolls (D:2)
  3 adders
  An ooze (D:3)
  2 worms
  7 dart slugs
  3 leopard geckos
  21 orcs
  2 ball pythons
  7 bats
  2 giant cockroaches
  13 goblins
  5 hobgoblins
  A quokka (D:2)
  3 frilled lizards
  23 kobolds
  8 rats
113 creatures vanquished.

Vanquished Creatures (others)
  A goblin (D:2)
  A frilled lizard (D:2)
  A bush (D:2)
  3 plants
6 creatures vanquished.

Grand Total: 119 creatures vanquished

Notes
Turn   | Place    | Note
-------+----------+-------------------------------------------
     0 | D:1      | night the Merfolk Ice Elementalist began the quest for the
                  | Orb.
     0 | D:1      | Reached XP level 1. HP: 13/13 MP: 3/3
   162 | D:1      | Reached XP level 2. HP: 19/19 MP: 3/5
   413 | D:1      | Reached skill level 5 in Ice Magic
   562 | D:1      | Reached XP level 3. HP: 24/24 MP: 2/6
   567 | D:1      | Learned a level 3 spell: Frozen Ramparts
  1390 | D:2      | Found a shimmering blue altar of Sif Muna.
  1401 | D:2      | Became a worshipper of Sif Muna the Loreminder
  1811 | D:2      | Reached XP level 4. HP: 30/30 MP: 4/8
  1901 | D:2      | Reached skill level 6 in Ice Magic
  2647 | D:3      | Reached XP level 5. HP: 35/35 MP: 4/9
  2654 | D:3      | Reached * piety under Sif Muna
  3876 | D:3      | Found a white marble altar of Elyvilon.
  3915 | D:3      | Reached XP level 6. HP: 24/41 MP: 8/11
  4110 | D:4      | Found a sand-covered staircase.
  4189 | D:4      | Found a staircase to the Ecumenical Temple.
  4236 | Temple   | Entered the Ecumenical Temple
  4499 | D:4      | Got a shimmering spear
  4499 | D:4      | Identified the +2 spear of Koewin {freeze, rF++ Int-4
                  | Dex+6} (You found it on level 4 of the Dungeon)
  4644 | D:4      | Reached skill level 1 in Short Blades
  4708 | D:4      | Reached ** piety under Sif Muna
  5327 | D:5      | Entered Level 5 of the Dungeon
  5344 | D:5      | Reached skill level 1 in Fighting
  5344 | D:5      | Reached skill level 1 in Armour
  5604 | D:5      | Reached skill level 2 in Short Blades
  5604 | D:5      | Reached XP level 7. HP: 48/48 MP: 10/13
  5625 | D:5      | Noticed Pikel
  5639 | D:5      | Slain by Pikel

Illustrated notes

Levels and vault maps discovered:
D:1:      tarquinn_simple_flora_water_b, layout_loops_ring
D:2:      layout_basic, lemuel_coloured_pillars_altar, serial_forest,
          infiniplex_forest_fountain, infiniplex_forest_clump_double,
          infiniplex_forest_end_3, infiniplex_forest_lined_ring,
          infiniplex_forest_straight_3, infiniplex_forest_clump_cross,
          infiniplex_forest_clump_small, infiniplex_forest_end_double,
          lemuel_another_geyser
D:3:      layout_basic, elyvilon_altar_3, first_ration,
          kennysheep_generic_room_15
D:4:      kennysheep_kobold_camp, layout_basic, temple_statues,
          nicolae_ossuary_entry_monument, nicolae_underground_beach
D:5:      layout_loops_ring, uniq_pikel
Temple:   regret_index_temple_waves

Skill      XL: |  1  2  3  4  5  6 |
---------------+-------------------+-----
Ice Magic      | 5 6 |  6.9
Spellcasting   | 3 4 |  4.3
Short Blades   | 2 |  2.1
Fighting       | 1 |  1.1
Armour         | 1 |  1.2
Dodging        | |  2.7
Stealth        | |  2.1

Action                   |  1- 3 |  4- 6 |  7- 9 || total
-------------------------+-------+-------+-------++-------
Melee: Unarmed           |     2 |       |       ||     2
       Dagger            |     2 |    16 |       ||    18
       Short sword       |       |   111 |     5 ||   116
 Cast: Freeze            |    39 |     8 |     3 ||    50
       Frozen Ramparts   |    10 |    17 |     1 ||    28
  Use: Scroll            |     3 |    10 |       ||    13
       Potion            |       |     1 |     1 ||     2
 Stab: Sleeping          |       |     1 |       ||     1
       Distracted        |       |     1 |       ||     1
  Eat: Ration            |     1 |     3 |       ||     4
Armor: Robe              |     9 |       |       ||     9
       Leather armour    |       |    38 |     6 ||    44
Dodge: Dodged            |    20 |    87 |       ||   107

Table legend:
 A = Non-vault XP
 B = Vault XP
 C = Vault XP percentage of total XP
 D = Non-vault monster count
 E = Vault monster count
 F = Vault count percentage of total count
                 A         B        C        D         E       F
            +---------+---------+-------+---------+---------+-------
      Total |     551 |     133 |  19.4 |      91 |      22 |  19.5
            +---------+---------+-------+---------+---------+-------
        D:1 |      48 |       0 |   0.0 |      22 |       0 |   0.0
        D:2 |      90 |       0 |   0.0 |      21 |       0 |   0.0
        D:3 |     220 |       2 |   0.9 |      36 |       1 |   2.7
        D:4 |      56 |     131 |  70.1 |       5 |      21 |  80.8
        D:5 |     137 |       0 |   0.0 |       7 |       0 |   0.0
            +---------+---------+-------+---------+---------+-------
